 Dungeon Crawl Stone Soup version 0.28.0-43-g3370ac3207 (webtiles) character file.

Game seed: 8959576023462612372

426 jclain the Chopper (level 6, -4/56 HPs)
             Began as a Minotaur Berserker on Mar 6, 2022.
             Was a Priest of Trog.
             Killed from afar by Ijyb (20 damage)
             ... with a bolt of acid
             ... on level 5 of the Dungeon.
             The game lasted 00:15:07 (3930 turns).

jclain the Chopper (Minotaur Berserker)             Turns: 3930, Time: 00:15:08

Health: -4/56      AC:  4    Str: 24    XL:     6   Next: 64%
Magic:  5/5        EV: 11    Int:  4    God:    Trog [***...]
Gold:   94         SH:  0    Dex:  9    Spells: 5/5 levels left

rFire   . . .      SeeInvis .   a - +0 hand axe
rCold   . . .      Faith    .   (no shield)
rNeg    . . .      Spirit   .   l - +0 scale mail
rPois   .          Reflect  .   (helmet restricted)
rElec   .          Harm     .   (no cloak)
rCorr   +          Rampage  .   d - +0 pair of gloves
Will    .....                   (no boots)
Stlth   ..........              (no amulet)
HPRegen 0.18/turn               j - ring of resist corrosion
MPRegen 0.09/turn               (no ring)

@: corroded
A: horns 2, retaliatory headbutt
a: Renounce Religion, Berserk, Trog's Hand


You were on level 5 of the Dungeon.
You worshipped Trog.
Trog was most pleased with you.
You visited 1 branch of the dungeon, and saw 5 of its levels.

You collected 94 gold pieces.

Inventory:

Hand Weapons
 a - a +0 hand axe (weapon)
Missiles
 b - 5 javelins (quivered)
Armour
 d - a +0 pair of gloves (worn)
 l - a +0 scale mail (worn)
Jewellery
 j - a ring of resist corrosion (left hand)
Scrolls
 f - 3 scrolls of identify {unknown}
 g - a scroll of magic mapping {unknown}
 h - 2 scrolls of brand weapon {unknown}
 i - 2 scrolls of fog {unknown}
 m - a scroll of noise {unknown}
 n - a scroll of vulnerability {unknown}
Potions
 c - 2 potions of degeneration {unknown}
 e - a potion of attraction {unknown}
 k - 2 potions of curing {unknown}
 o - a potion of flight {unknown}


   Skills:
 + Level 5.4 Fighting
 + Level 6.4 Axes
 + Level 0.2 Throwing
 + Level 4.3 Armour
 + Level 3.3 Dodging
 + Level 0.5 Stealth


You had 5 spell levels left.
You didn't know any spells.
Your spell library was empty.

Dungeon Overview and Level Annotations

Branches:
Dungeon (5/15)
 Temple: D:4-7

Altars:
Fedhas
Ru

Shops:
D:3 (   D:4 [

Annotations:
D:5 Ijyb


Innate Abilities, Weirdness & Mutations

You have a pair of horns on your head.
You reflexively headbutt those who attack you in melee.


Message History

The ogre is heavily wounded.
You slash the ogre! You headbutt the ogre.
You kill the ogre!
Trog accepts your kill.
Your Armour skill increases to level 4!
Things that are here:
a +0 giant club; an ogre corpse
There is an open door here.
Found a stone staircase leading up.
Done exploring.
There is a stone staircase leading down here.
You climb downwards.
Ijyb shouts!
Found 6 poisoned darts.
There is a stone staircase leading up here.
A bullfrog skeleton comes into view.
Ijyb zaps a wand.
The bolt of acid hits you! You resist.
Ijyb zaps a wand.
The bolt of acid misses you.
You barely miss Ijyb. You headbutt Ijyb, but do no damage.
You slash the bullfrog skeleton! The bullfrog skeleton misses you. x2
You furiously retaliate!
You headbutt the bullfrog skeleton! You hit Ijyb.
Ijyb is moderately wounded.
You hit the bullfrog skeleton but do no damage.
Ijyb hits you with a +0 club.
The bullfrog skeleton barely misses you.
You furiously retaliate!
You headbutt the bullfrog skeleton!
You destroy the bullfrog skeleton!
Trog accepts your kill.
You hit Ijyb.
Ijyb is heavily wounded.
Ijyb zaps a wand.
The bolt of acid hits you! You resist. The acid corrodes you!
You closely miss Ijyb.
Ijyb is heavily wounded.
Ijyb hits you with a +0 club.
* * * LOW HITPOINT WARNING * * *
You barely miss Ijyb.
Ijyb is heavily wounded.
Ijyb zaps a wand.
The bolt of acid hits you!! You resist.
You die...

## ..### #.#..
#.#.#### #.#....#
##.#....#.#
##.###...@g....#
#..............#
#..###...........
#.....<.#.##.....
#.........# .....
#.....##### ....
#..(.. ... #.####
... #


You could see Ijyb.

Vanquished Creatures
  2 ogres (D:4)
  A hound (D:4)
  A bullfrog skeleton (D:5)
  An iguana (D:4)
  An orc wizard (D:3)
  A hound skeleton (D:4)
  Robin (D:2)
  2 adders (D:2)
  An ufetubus (D:4)
  5 adder skeletons (D:4)
  A worm (D:3)
  4 dart slugs
  6 orcs
  6 ball pythons
  4 bats
  4 endoplasms
  A giant cockroach (D:3)
  14 goblins
  6 hobgoblins
  A jackal (D:3)
  3 quokkas
  5 frilled lizards
  5 kobolds
  4 rats
80 creatures vanquished.

Notes
Turn   | Place    | Note
-------+----------+-------------------------------------------
     0 | D:1      | jclain the Minotaur Berserker began the quest for the Orb.
     0 | D:1      | Reached XP level 1. HP: 19/19 MP: 0/0
   246 | D:1      | Reached XP level 2. HP: 27/27 MP: 1/1
   263 | D:1      | Reached skill level 4 in Axes
   755 | D:2      | Noticed Robin
   804 | D:2      | Reached XP level 3. HP: 29/33 MP: 2/2
   808 | D:2      | Killed Robin
   862 | D:2      | Reached ** piety under Trog
  1219 | D:2      | Reached XP level 4. HP: 41/41 MP: 3/3
  1285 | D:2      | Found a faded altar of an unknown god.
  1437 | D:3      | Found Ripruimp's Weapon Boutique.
  1599 | D:3      | Reached skill level 5 in Axes
  2152 | D:3      | Found a blossoming altar of Fedhas.
  2788 | D:4      | Found a sacrificial altar of Ru.
  2788 | D:4      | Noticed an ogre
  2803 | D:4      | Reached XP level 5. HP: 39/47 MP: 4/4
  2810 | D:4      | Killed an ogre
  3174 | D:4      | Reached *** piety under Trog
  3193 | D:4      | Reached skill level 5 in Fighting
  3193 | D:4      | Reached skill level 6 in Axes
  3201 | D:4      | Reached XP level 6. HP: 50/56 MP: 5/5
  3364 | D:4      | Found Nepsacir's Antique Armour Shop.
  3922 | D:5      | Entered Level 5 of the Dungeon
  3922 | D:5      | Noticed Ijyb
  3930 | D:5      | Killed from afar by Ijyb

Illustrated notes

Levels and vault maps discovered:
D:1:      tarquinn_simple_flora_water_e, layout_basic, minmay_fountain_box
D:2:      layout_basic, dreamdust_ecumenical_altar_statues, uniq_robin
D:3:      minmay_skewed_foursquare, layout_basic,
          mainiacjoe_overflow_tiny_flanked, serial_shops, shop,
          hangedman_abyss_or_decor_stabs, kennysheep_generic_room_2
D:4:      layout_basic, nicolae_ru_awakened_eye, serial_shops,
          nicolae_shop_waterfront, minmay_misc_feat_nine_boxes
D:5:      layout_basic, kennysheep_slug_shrine, minmay_temple_entry_tees,
          hangedman_minor_gate_pass, uniq_ijyb, uniq_edmund

Skill      XL: |  1  2  3  4  5  6 |
---------------+-------------------+-----
Axes           | 4 5 6 |  6.4
Fighting       | 4 5 |  5.4
Armour         | 3 4 |  4.3
Dodging        | 3 |  3.3
Throwing       | |  0.2
Stealth        | |  0.5

Action                   |  1- 3 |  4- 6 || total
-------------------------+-------+-------++-------
Melee: Hand axe          |    59 |   124 ||   183
       Headbutt          |     6 |    20 ||    26
       Punch             |       |     2 ||     2
Throw: Javelin           |       |     4 ||     4
Invok: Berserk           |     1 |     1 ||     2
Armor: Animal skin       |     2 |       ||     2
       Leather armour    |    15 |    14 ||    29
       Scale mail        |       |    44 ||    44
Dodge: Dodged            |    39 |    54 ||    93
